 Dungeon Crawl Stone Soup version 0.17-a0-848-g7e5c6af (webtiles) character file.

29222 namelastname112 the Quickloader (level 13, -3/127 HPs)
             Began as a Yellow Draconian Hunter on Apr 27, 2015.
             Was the Champion of Okawaru.
             Slain by a death yak (18 damage)
             ... on level 5 of the Lair of Beasts.
             The game lasted 00:52:35 (18703 turns).

namelastname112 the Quickloader (DrHu)             Turns: 18703, Time: 00:52:35

Health: -3/127     AC: 14    Str: 15    XL:     13   Next: 14%
Magic:  13/13      EV: 20    Int:  9    God:    Okawaru [******]
Gold:   1237       SH:  0    Dex: 19    Spells: 0 memorised, 12 levels left

rFire  + . .     SeeInvis .     a - +7 quarterstaff of Triumph {crush, Int-2 Dex+6}
rCold  . . .     Clarity  +     (armour unavailable)
rNeg   . . .     SustAb   .     (no shield)
rPois  +         Gourm    +     S - +1 hat
rElec  .         Spirit   .     w - +0 cloak
rCorr  +         Warding  .     t - +0 pair of gloves {rF+}
rMut   .         Stasis   .     l - +2 pair of boots
MR     .....                    L - amulet of the gourmand
Stlth  ++........               T - ring of poison resistance
                                Z - +2 ring of slaying

@: very slightly contaminated, not resistant to hostile enchantments, unstealthy
A: spit acid, acid resistance, unfitting armour, clarity, clumsy 1, regeneration
1, robust 1, weak 1, wild magic 1, cold-blooded, AC +8
a: Spit Acid, Heroism, Finesse, Renounce Religion


You were on level 5 of the Lair of Beasts.
You worshipped Okawaru.
Okawaru was exalted by your worship.
You were very full.

You visited 3 branches of the dungeon, and saw 17 of its levels.
You also visited: Volcano.

You collected 1237 gold pieces.

Inventory:

Hand weapons
 a - the +7 quarterstaff of Triumph (weapon) {crush, Int-2 Dex+6}
   (You found it on level 3 of the Lair of Beasts)

   It inflicts extra damage upon your enemies.
   It affects your intelligence (-2).
   It affects your dexterity (+6).
 b - the +9 triple crossbow "Kauqiy" {penet, rPois rF- rN+ MP+9}
   (Okawaru gifted it to you on level 5 of the Lair of Beasts)

   Ammo fired by it will pass through the targets it hits, potentially hitting
   all targets in its path until it reaches maximum range.
   It makes you vulnerable to fire.
   It protects you from poison.
   It protects you from negative energy.
   It affects your magic capacity (+9).
 Y - a +0 glaive
Missiles
 c - 31 bolts
 q - 13 steel bolts
 D - 17 silver bolts
 Q - 42 poisoned bolts
Armour
 l - a +2 pair of boots (worn)
 t - a +0 pair of gloves of fire resistance (worn)
 w - a +0 cloak (worn)
 S - a +1 hat (worn)
Jewellery
 h - an uncursed ring of ice
 r - an uncursed amulet of regeneration {unknown}
 C - an uncursed amulet of resist mutation
 L - an amulet of the gourmand (around neck)
 T - a ring of poison resistance (right hand)
 Z - a +2 ring of slaying (left hand)
Magical devices
 k - a wand of magic darts (19)
 u - a wand of fireball (5)
 I - a wand of disintegration (6)
 J - a wand of cold (12)
 W - a wand of fire (0)
Scrolls
 e - a scroll of amnesia
 f - 5 scrolls of teleportation
 s - 4 scrolls of remove curse
 y - 5 scrolls of magic mapping
 F - a scroll of enchant weapon
 H - a scroll of holy word
 M - 2 scrolls of enchant armour
 N - 2 scrolls of recharging
 P - a scroll of summoning {unknown}
Potions
 g - 3 potions of might
 m - 5 potions of restore abilities
 n - a potion of experience {unknown}
 p - 2 potions of cancellation
 v - a potion of invisibility
 x - 10 potions of curing
 z - 4 potions of brilliance
 G - 2 potions of agility {unknown}
 K - a potion of ambrosia {unknown}
 O - a potion of lignification {unknown}
 R - 4 potions of resistance {unknown}
 U - a potion of magic
 X - 3 potions of heal wounds {unknown}
Books
 i - a book of the Dragon

   Spells                             Type                      Level
   a - Flight                         Charms/Air                   3
   b - Cause Fear                     Hexes                        4
   c - Bolt of Fire                   Conjuration/Fire             6
   d - Dragon Form                    Transmutation                7
   e - Dragon's Call                  Summoning                    9
 o - a book of Cantrips

   Spells                             Type                      Level
   a - Corona                         Hexes                        1
   b - Animate Skeleton               Necromancy                   1
   c - Summon Small Mammal            Summoning                    1
   d - Apportation                    Translocation                1
 V - a book of Dreams

   Spells                             Type                      Level
   a - Ensorcelled Hibernation        Hexes/Ice                    2
   b - Flight                         Charms/Air                   3
   c - Phase Shift                    Translocation                5
   d - Shadow Creatures               Summoning                    5
   e - Mass Confusion                 Hexes                        6
   f - Darkness                       Hexes                        7
Comestibles
 d - 13 bread rations
 j - 9 fruits
 B - 7 beef jerkies
 E - 8 slices of pizza


   Skills:
 + Level 11.3 Fighting
 + Level 10.0 Polearms
 * Level 13.2 Crossbows
 + Level 9.5 Dodging
 - Level 0.8 Stealth
 + Level 1.2 Invocations


You had 12 spell levels left.
You didn't know any spells.

Dungeon Overview and Level Annotations

Branches:
Dungeon (11/15)            Temple (1/1) D:4            Lair (5/8) D:10
 Shoals (0/4) Lair:5        Snake (0/4) Lair:3          Orc (0/4) D:10

Altars:
Ashenzari
Cheibriados
Dithmenos
Elyvilon
Fedhas
Gozag
Kikubaaqudgha
Makhleb
Nemelex Xobeh
Okawaru
Qazlal
Ru
Sif Muna
Trog
Vehumet
Xom
Yredelemnul
Zin
The Shining One

Shops:
D:7 [   D:11 [[?

Portals:
Trove: D:10 (show slimy rune of Zot)

Annotations:
D:3 2 runed doors
D:9 xeno23's ghost, experienced OgWz


Innate Abilities, Weirdness & Mutations

You can spit globs of acid.
You are resistant to acid.
Your golden yellow scales are hard (AC +8).
Your body does not fit into most forms of armour.
You are cold-blooded and may be slowed by cold attacks.
You possess an exceptional clarity of mind.
You are clumsy. (Dex -2)
Your natural rate of healing is unusually fast.
You are robust (+10% HP).
You are weak. (Str -2)
Your spells are a little harder to cast, but a little more powerful.


Message History

The death yak is almost dead.
Evoking this partially-identified wand wasted a few charges.
Evoke which item? (* to show all) (? for menu, Esc to quit)
Zapping:
W - a wand of fire {zapped: 3} (will waste charges)
Press: ? - help, Shift-Dir - straight line, f/p - death yak
Aim: a death yak (lightly wounded) Nothing appears to happen.
Evoke which item? (* to show all) (? for menu, Esc to quit)
Zapping:
J - a wand of cold {recharged} (will waste charges)
Press: ? - help, Shift-Dir - straight line, f/p - death yak
Aim: a death yak (lightly wounded)
The bolt of cold hits the death yak.
The death yak is moderately wounded.
The bolt of cold hits the death yak.
You kill the death yak!
Okawaru is honoured by your kill.
Your Invocations skill increases to level 1!
Evoking this partially-identified wand wasted a few charges.
The death yak gores you!!
You die...

... #...#####...
....##...#.#.#....
.......................
............!..... .......
....#.#..##.....## #.....
.....#....#.#....# #....#
.....##....#.....###....##
................#.#......#
...............Y@........#
.........(...............#
.#......#.P..........!..#
#...(#####†.............#
#..†§..# ##.............##
#.....## ##..............#
##....# #...............#
#P...P# ##..............#
... #P....#
##.............###...


You could see a death yak.

Vanquished Creatures
  Gastronok (Lair:1)
  Erolcha (D:10)
  2 hydras
  A naga warrior (Lair:3)
  2 death yaks (Lair:5)
  Nergalle (Lair:4)
  An unseen horror (D:10)
  2 hill giants (D:11)
  A griffon (Lair:3)
  An ugly thing (D:11)
  A siren (Lair:5)
  5 spiny frogs
  A torpor snail (Lair:5)
  3 black mambas
  The ghost of ZiggyStardust the Magician, an experienced DsWz (D:5)
  A fire drake (Lair:4)
  3 komodo dragons
  A polar bear (Lair:5)
  A troll (D:11)
  9 blink frogs
  2 flying skulls (Volcano)
  22 yaks
  3 hippogriffs
  A shadow (D:11)
  2 humans
  A hog (D:7)
  A basilisk (Lair:5)
  3 hungry ghosts
  3 vampires (Volcano)
  Menkaure (D:7)
  A wyvern (D:9)
  4 nagas (Lair:3)
  6 water moccasins
  5 porcupines
  2 sky beasts
  3 ice beasts
  The ghost of drasked the Cudgeler, an average OgHu (D:3)
  An eye of draining (D:11)
  7 orc warriors
  2 necrophages
  A wasp (D:10)
  6 centaurs
  6 phantoms
  6 ogres
  A big kobold (D:9)
  3 crocodiles
  11 giant frogs
  A gnoll sergeant (D:11)
  5 scorpions
  6 killer bees (D:8)
  2 quasits
  2 crimson imps
  7 hounds
  3 centaur skeletons
  7 orc priests
  2 giant frog skeletons
  2 jellies (D:3)
  10 iguanas
  12 orc wizards
  A spectral orc (Lair:4)
  9 worker ants
  A killer bee zombie (D:11)
  A hound zombie (D:5)
  2 hound skeletons
  A mummy (Volcano)
  8 adders
  17 gnolls
  17 river rats
  A shadow imp (D:6)
  2 oozes
  An adder zombie (D:5)
  3 worms
  An adder skeleton (D:9)
  9 giant geckos
  51 orcs
  12 bats
  A bat skeleton (D:7)
  2 bat zombies
  5 giant cockroaches
  18 goblins
  14 hobgoblins
  10 jackals
  26 kobolds
  4 quokkas
  16 sheep
  A ball python (D:1)
  A giant gecko skeleton (D:8)
  A giant newt (D:4)
  A kobold skeleton (D:6)
  A kobold zombie (D:6)
  A quokka skeleton (D:4)
  19 rats
  2 ballistomycetes (D:9)
463 creatures vanquished.

Vanquished Creatures (others)
  A giant spore (D:9)
  A fungus (Lair:3)
  A plant (Lair:5)
3 creatures vanquished.

Grand Total: 466 creatures vanquished

Notes
Turn   | Place    | Note
--------------------------------------------------------------
     0 | D:1      | namelastname112, the Draconian Hunter, began the quest for the Orb.
     0 | D:1      | Reached XP level 1. HP: 17/17 MP: 1/1
   239 | D:1      | Reached XP level 2. HP: 25/25 MP: 2/2
   517 | D:2      | Reached skill level 4 in Crossbows
   755 | D:2      | Found a glowing golden altar of the Shining One.
   801 | D:2      | Reached XP level 3. HP: 27/30 MP: 3/3
  1397 | D:3      | Reached XP level 4. HP: 28/38 MP: 4/4
  2034 | D:3      | Noticed drasked's ghost (average OgHu)
  2048 | D:3      | Killed drasked's ghost
  2048 | D:3      | Reached skill level 1 in Polearms
  2048 | D:3      | Reached skill level 5 in Crossbows
  2048 | D:3      | Reached XP level 5. HP: 34/45 MP: 5/5
  2192 | D:3      | Found a runed door.
  2193 | D:3      | Found a runed door.
  2195 | D:3      | Found a runed door.
  2201 | D:3      | Found a runed door.
  2211 | D:3      | Found a shimmering altar of Xom.
  2212 | D:3      | Found a runed door.
  2212 | D:3      | Found a runed door.
  2228 | D:3      | Reached XP level 6. HP: 52/52 MP: 6/6
  3099 | D:4      | Your scales start taking on a golden yellow colour.
  3099 | D:4      | Reached XP level 7. HP: 35/60 MP: 7/7
  3266 | D:4      | Found a staircase to the Ecumenical Temple.
  3322 | Temple   | Entered the Ecumenical Temple
  3482 | D:5      | Entered Level 5 of the Dungeon
  3670 | D:5      | Reached skill level 6 in Crossbows
  3812 | D:5      | Got a polished mace
  3813 | D:5      | Identified the cursed +1 mace of Subjectivity {flame, rN+ Dex+3} (You found it on level 5 of the Dungeon)
  3985 | D:5      | Found a sacrificial altar of Ru.
  4195 | D:5      | Reached skill level 5 in Fighting
  4333 | D:5      | Noticed ZiggyStardust's ghost (experienced DsWz)
  4361 | D:5      | Killed ZiggyStardust's ghost
  4361 | D:5      | Reached XP level 8. HP: 42/69 MP: 8/8
  4550 | D:5      | Reached skill level 7 in Crossbows
  4941 | D:6      | Found a white marble altar of Elyvilon.
  5555 | D:6      | Found a runed door.
  5565 | D:6      | Found a basalt altar of Yredelemnul.
  5615 | D:6      | Reached skill level 5 in Dodging
  5708 | D:6      | Reached XP level 9. HP: 67/77 MP: 9/9
  6143 | D:7      | Reached skill level 8 in Crossbows
  6315 | D:7      | Got an ebony flail
  6316 | D:7      | Identified the +10 flail of the Gnat {crush, Dex+4 SInv} (You found it on level 7 of the Dungeon)
  6331 | D:7      | Noticed Menkaure
  6340 | D:7      | Killed Menkaure
  6540 | D:7      | Reached skill level 5 in Polearms
  6545 | D:7      | Found a shattered altar of Ashenzari.
  6550 | D:7      | Found a snail-covered altar of Cheibriados.
  6555 | D:7      | Found a shadowy altar of Dithmenos.
  6575 | D:7      | Found a blossoming altar of Fedhas.
  6639 | D:7      | Found Emirem's Antique Armour Boutique.
  6893 | D:7      | Found a bloodstained altar of Trog.
  6893 | D:7      | Found an iron altar of Okawaru.
  6906 | D:7      | Became a worshipper of Warmaster Okawaru
  7179 | D:8      | Reached skill level 9 in Crossbows
  7275 | D:8      | Reached XP level 10. HP: 21/86 MP: 10/10
  7279 | D:8      | Acquired Okawaru's first power
  7732 | D:8      | Found a sparkling altar of Nemelex Xobeh.
  7733 | D:8      | Found an opulent altar of Gozag.
  8832 | D:9      | Noticed xeno23's ghost (experienced OgWz)
  9539 | D:10     | Entered Level 10 of the Dungeon
  9587 | D:10     | Found a staircase to the Orcish Mines.
  9960 | D:10     | HP: 5/133 [orc priest/dagger (5)]
 10352 | D:10     | Reached skill level 10 in Crossbows
 10619 | D:10     | Found a portal to a secret trove of treasure.
 10625 | D:10     | Gained mutation: Your spells are a little harder to cast, but a little more powerful. [mutagenic meat]
 10675 | D:10     | Noticed an unseen horror
 10689 | D:10     | Killed an unseen horror
 10762 | D:10     | Noticed Erolcha
 10768 | D:10     | Paralysed by Erolcha for 2 turns
 10774 | D:10     | Killed Erolcha
 10774 | D:10     | Reached XP level 11. HP: 45/95 MP: 11/11
 10876 | D:10     | Found a staircase to the Lair.
 10882 | D:10     | Received a gift from Okawaru
 11739 | D:10     | Gained mutation: You are robust (+10% HP). [potion of beneficial mutation]
 11782 | D:11     | Found Duopnak's Armour Emporium.
 11978 | D:11     | Found Giton's Antique Armour Boutique.
 12364 | D:11     | Reached skill level 11 in Crossbows
 12390 | D:11     | Found Coulatuaps's Magic Scroll Boutique.
 12421 | D:11     | Noticed a hill giant
 12421 | D:11     | Noticed a hill giant
 12691 | D:11     | Killed a hill giant
 12691 | D:11     | Received a gift from Okawaru
 12696 | D:11     | Killed a hill giant
 13050 | Lair:1   | Entered Level 1 of the Lair of Beasts
 13300 | Lair:1   | Received a gift from Okawaru
 13358 | Lair:1   | Noticed Gastronok
 13390 | Lair:1   | Killed Gastronok
 13390 | Lair:1   | Acquired Okawaru's second power
 13390 | Lair:1   | Received a gift from Okawaru
 13641 | Lair:1   | Reached skill level 10 in Fighting
 14312 | Lair:2   | Reached XP level 12. HP: 116/116 MP: 12/12
 14957 | Lair:2   | Gained mutation: You are weak. (Str -2) [potion of mutation]
 14957 | Lair:2   | Gained mutation: Your natural rate of healing is unusually fast. [potion of mutation]
 14958 | Lair:2   | Gained mutation: You possess an exceptional clarity of mind. [potion of mutation]
 14958 | Lair:2   | Gained mutation: You are clumsy. (Dex -2) [potion of mutation]
 15029 | Lair:3   | Reached skill level 12 in Crossbows
 15045 | Lair:3   | Got an ancient quarterstaff
 15067 | Lair:3   | Identified the +7 quarterstaff of Triumph {crush, Int-2 Dex+6} (You found it on level 3 of the Lair of Beasts)
 15202 | Lair:3   | Received a gift from Okawaru
 15458 | Lair:3   | Noticed a naga warrior
 15576 | Lair:3   | Killed a naga warrior
 15606 | Lair:3   | HP: 5/117 [poisoned by a naga (splash of poison)]
 15613 | Lair:3   | HP: 5/117 [poisoned by a naga (splash of poison)]
 16008 | Lair:3   | Found a staircase to the Snake Pit.
 16717 | Lair:4   | Noticed a four-headed hydra
 16728 | Lair:4   | Killed a four-headed hydra
 16775 | Lair:4   | Found a dark tunnel.
 16784 | Volcano  | Entered a volcano
 17207 | Lair:4   | Noticed Nergalle
 17276 | Lair:4   | Killed Nergalle
 17276 | Lair:4   | Received a gift from Okawaru
 17747 | Lair:5   | Found a staircase to the Shoals.
 17803 | Lair:5   | Reached skill level 13 in Crossbows
 18017 | Lair:5   | Noticed an eight-headed hydra
 18032 | Lair:5   | Killed an eight-headed hydra
 18259 | Lair:5   | Received a gift from Okawaru
 18272 | Lair:5   | Reached XP level 13. HP: 66/127 MP: 13/13
 18479 | Lair:5   | Reached skill level 10 in Polearms
 18590 | Lair:5   | Received a gift from Okawaru
 18609 | Lair:5   | Got an iridescent triple crossbow {god gift}
 18610 | Lair:5   | Identified the +9 triple crossbow "Kauqiy" {penet, rPois rF- rN+ MP+9} (Okawaru gifted it to you on level 5 of the Lair of Beasts)
 18702 | Lair:5   | Reached skill level 1 in Invocations
 18703 | Lair:5   | Slain by a death yak

Action                   |  1- 3 |  4- 6 |  7- 9 | 10-12 | 13-15 || total
-------------------------+-------+-------+-------+-------+-------++-------
Melee: Short sword       |   127 |    15 |       |       |       ||   142
       Whip              |       |   139 |   303 |    17 |       ||   459
       Flail             |       |       |   110 |   437 |       ||   547
       Glaive            |       |       |       |    48 |       ||    48
       Quarterstaff      |       |       |       |   258 |    52 ||   310
 Fire: Hand crossbow     |    14 |    19 |    11 |   132 |       ||   176
       Blowgun           |       |       |    12 |     3 |       ||    15
       Triple crossbow   |       |       |       |       |     7 ||     7
 Abil: Spit Acid         |       |       |     1 |       |       ||     1
Evoke: Wand              |       |       |       |       |     2 ||     2
  Use: Scroll            |       |       |    12 |    17 |     1 ||    30
       Potion            |       |       |     1 |     7 |       ||     8
 Stab: Sleeping          |     1 |     1 |     4 |     5 |     1 ||    12
       Invisible         |       |       |       |     3 |       ||     3
  Eat: Chunk             |     2 |     5 |    15 |    22 |     3 ||    47
       Meat ration       |       |       |       |     4 |       ||     4
       Royal jelly       |       |       |       |     1 |       ||     1
       Pizza             |       |       |       |     1 |       ||     1
